 Dungeon Crawl Stone Soup version 0.26-a0-540-g8a0c9464d7 (webtiles) character file.

Game seed: 15938169675506356741

128 BeastOfSaturn the Slasher (level 4, 0/35 HPs)
             Began as a Demonspawn Warper on Aug 15, 2020.
             Succumbed to a goblin's poison
             ... on level 3 of the Dungeon.
             The game lasted 00:05:27 (3263 turns).

BeastOfSaturn the Slasher (Demonspawn Warper)       Turns: 3263, Time: 00:05:27

Health: 0/35       AC:  3    Str: 12    XL:     4   Next: 87%
Magic:  5/16       EV: 12    Int: 15    God:
Gold:   56         SH:  0    Dex: 12    Spells: 2/7 levels left

rFire    . . .     SeeInvis .   a - +0 falchion
rCold    . . .     Faith    .   (no shield)
rNeg     . . .     Spirit   +   b - +0 leather armour
rPois    .         Reflect  .   (no helmet)
rElec    .         Harm     .   (no cloak)
rCorr    .                      (no gloves)
MR       .....                  (no boots)
Stlth    +.........             (no amulet)
HPRegen  0.11/turn              c - ring of magical power
MPRegen  0.15/turn              (no ring)

@: lethally poisoned (0 -> -3)
A: magic shield
a: no special abilities


You were on level 3 of the Dungeon.
You visited 1 branch of the dungeon, and saw 3 of its levels.

You collected 56 gold pieces.

Inventory:

Hand Weapons
 a - a +0 falchion (weapon)
Missiles
 e - 5 boomerangs of dispersal (quivered)
Armour
 b - a +0 leather armour (worn)
Jewellery
 c - a ring of magical power (left hand)
Scrolls
 d - 2 scrolls of blinking
 f - a scroll of identify
 g - 2 scrolls of remove curse {unknown}
 h - 3 scrolls of magic mapping {unknown}
 k - 2 scrolls of enchant armour {unknown}
 l - a scroll of immolation {unknown}
Potions
 i - a potion of magic
 m - a potion of haste


   Skills:
 * Level 3.0 Fighting
 * Level 3.4 Long Blades
 - Level 0.8 Throwing
 - Level 1.0 Armour
 - Level 2.0 Dodging
 * Level 2.4 Spellcasting
 * Level 3.0 Translocations


You had 2 spell levels left.
You knew the following spells:

 Your Spells              Type           Power        Failure   Level
a - Blink                 Tloc           N/A          12%         2
b - Gell's Gravitas       Tloc           ##........   24%         3

Your spell library contained the following spells:

 Spells                   Type           Power        Failure   Level
 Lesser Beckoning         Tloc           ##........   24%         3
 Teleport Other           Tloc           ##......     24%         3
 Passage of Golubria      Tloc           N/A          61%         4


Dungeon Overview and Level Annotations

Branches:
Dungeon (2/15)

Altars:
Hepliaklqana
Ru

Annotations:
D:3 Robin


Innate Abilities, Weirdness & Mutations

When hurt, damage is shared between your health and your magic reserves.


Message History

You feel sick.
* * * LOW HITPOINT WARNING * * *
You feel sick.
* * * LOW HITPOINT WARNING * * *
You feel sick. The quokka closely misses you.
You riposte.
You hit the quokka.
The quokka is almost dead.
The goblin no longer looks unusually strong.
Casting: Blink (safe; 12% risk of failure)
Confirm with . or Enter, or press ? or * to list all spells.
You blink.
* * * LOW HITPOINT WARNING * * *
You feel sick.
The quokka twitches its whiskers.
* * * LOW HITPOINT WARNING * * *
You feel sick.
* * * LOW HITPOINT WARNING * * *
You feel sick.
Robin roars a battlecry!
The goblin goes into a battle-frenzy!
You die...

#####
#...#############
#...#...........#
+.............#
...#.#....^........#
.......@.r.g.......#
.....#..#+#.g........#
....#. #............#
....
#.##.........####.
#..g ##
#..............
####...#+##
#........#####.
..........# #........#
#..........#
#........#
#..........#
####....##


You could see Robin, a quokka and a goblin (strong).

Vanquished Creatures
  2 gnolls (D:2)
  2 adders
  4 worms
  2 dart slugs
  2 leopard geckos
  4 orcs (D:3)
  A giant cockroach (D:2)
  11 goblins
  11 hobgoblins
  4 jackals (D:2)
  6 kobolds
  A quokka (D:3)
  A ball python (D:2)
  6 bats
  4 frilled lizards
  3 rats
64 creatures vanquished.

Notes
Turn   | Place    | Note
-------+----------+-------------------------------------------
     0 | D:1      | BeastOfSaturn the Demonspawn Warper began the quest for the
                  | Orb.
     0 | D:1      | Reached XP level 1. HP: 16/16 MP: 3/3
   124 | D:1      | Reached skill level 1 in Armour
   298 | D:1      | Gained mutation: When hurt, damage is shared between your
                  | health and your magic reserves. [demonic ancestry]
   298 | D:1      | Reached XP level 2. HP: 15/22 MP: 5/5
   302 | D:1      | Learned a level 2 spell: Blink
  1285 | D:2      | Reached XP level 3. HP: 18/28 MP: 6/6
  1564 | D:2      | Found a sacrificial altar of Ru.
  1568 | D:2      | Found a hazy altar of Hepliaklqana.
  1890 | D:2      | Reached XP level 4. HP: 19/34 MP: 7/7
  2415 | D:2      | You fall into a shaft and drop 1 floor!
  2831 | D:3      | Learned a level 3 spell: Gell's Gravitas
  3202 | D:3      | Noticed Robin
  3257 | D:3      | HP: 1/35 [poisoned by a goblin]
  3263 | D:3      | Succumbed to a goblin's poison

Illustrated notes

Levels and vault maps discovered:
D:1:      scummos_arrival_star, layout_basic, minmay_misc_feat_columns
D:2:      layout_basic, zin_angel, nicolae_overflow_hidden_temple,
          lemuel_crystal_altar, hangedman_ru_absence, minmay_hexomino_f4
D:3:      layout_basic, lemuel_zombie_altar_yredelemnul,
          gammafunk_temple_overflow_wave, uniq_robin

Skill      XL: |  1  2  3  4 |
---------------+-------------+-----
Armour         | 1 |  1.0
Long Blades    | 2 3 |  3.4
Dodging        | 2 |  2.0
Translocations | 3 |  3.0
Fighting       | 3 |  3.0
Throwing       | |  0.8
Spellcasting   | |  2.4

Action                   |  1- 3 |  4- 6 || total
-------------------------+-------+-------++-------
Melee: Falchion          |   131 |   115 ||   246
 Cast: Blink             |       |     3 ||     3
  Use: Scroll            |     1 |     2 ||     3
       Potion            |       |     1 ||     1
Armor: Leather armour    |    32 |    36 ||    68
Dodge: Dodged            |    87 |   111 ||   198
       Rpst.: Falchion   |    31 |    27 ||    58

Table legend: (Time is in decaauts)
 A = Elapsed time spent in this place.
 B = Non-inter-level travel time spent in this place.
 C = Inter-level travel time spent in this place.
 D = Time resting spent in this place.
 E = Time spent auto-exploring this place.
 F = Levels seen in this place.
 G = Mean time per level.
                   A        B        C        D        E       F      G
               +--------+--------+--------+--------+--------+-----+--------+
         Total |   3303 |   3220 |     83 |    717 |   1893 |   3 | 1101.0 |
       Dungeon |   3303 |   3220 |     83 |    717 |   1893 |   3 | 1101.0 |
               +--------+--------+--------+--------+--------+-----+--------+

Top non-repeatable levels by time:
     D:1: 1447 daAuts
     D:2: 995 daAuts
     D:3: 860 daAuts
